 Dungeon Crawl Stone Soup version 0.30-a0-165-g1891117ce2 (webtiles) character file.

Game seed: 1078976509004457635

636 qw the Chopper (level 7, -2/44 HPs)
             Began as a Gargoyle Fighter on Sept 28, 2022.
             Slain by a wight
             ... wielding a +0 scimitar
              (4 damage)
             ... on level 5 of the Dungeon.
             The game lasted 00:01:22 (4317 turns).

qw the Chopper (Gargoyle Fighter)                   Turns: 4317, Time: 00:01:22

Health: -2/44      AC: 15    Str: 21    XL:     7   Next: 50%
Magic:  7/7        EV:  7    Int:  9    God:
Gold:   116        SH:  4    Dex:  9    Spells: 6/6 levels left

rFire   . . .      SeeInvis .    Y - +1 war axe
rCold   . . .      Faith    .    c - +0 buckler
rNeg    + . .      Spirit   .    o - +0 chain mail
rPois   inf        Reflect  .    (no helmet)
rElec   +          Harm     .    (no cloak)
rCorr   .          Rampage  .    m - +0 pair of gloves
Will    .....                    (no boots)
Stlth   ..........               (no amulet)
HPRegen 0.14/turn                (no ring)
MPRegen 0.10/turn                (no ring)

@: no status effects
A: sickness immunity, AC +4, negative energy resistance 1, electricity
resistance, torment resistance 1, petrification resistance
a: no special abilities


You were on level 5 of the Dungeon.
You visited 1 branch of the dungeon, and saw 5 of its levels.

You collected 116 gold pieces.


Innate Abilities, Weirdness & Mutations

You are immune to sickness and miasma.
Your stone body is resilient. (AC +4)
You are immune to poison.
You resist negative energy. (rN+)
You are resistant to electric shocks. (rElec)
You are resistant to unholy torment.
You are immune to petrification.


   Skills:
 - Level 4.6 Fighting
 + Level 6.4 Axes
 - Level 1.0 Throwing
 - Level 3.2 Armour
 - Level 1.3 Dodging
 - Level 3.2 Shields


You had 6 spell levels left.
You didn't know any spells.
Your spell library was empty.

Inventory:

Hand Weapons
 h - a +2 flail of protection
 Y - a +1 war axe (weapon)
Missiles
 a - 4 boomerangs (quivered)
Armour
 c - a +0 buckler (worn)
 g - the +2 cloak of Weightlessness {Harm rElec rF+++ Dex-2}
   (You found it on level 2 of the Dungeon)

   Dex:       It affects your dexterity (-2).
   rF:        It renders you almost immune to fire.
   rElec:     It insulates you from electricity.
   Harm:      It increases damage dealt and taken.
 m - a +0 pair of gloves (worn)
 o - a +0 chain mail (worn)
Scrolls
 f - 3 scrolls of identify
 l - 2 scrolls of teleportation
Potions
 b - a potion of degeneration {unknown}
 d - 2 potions of might
 e - a potion of cancellation
 j - 3 potions of curing

Dungeon Overview and Level Annotations

Branches:
Dungeon (5/15)
 Temple: D:4-7

Altars:
Dithmenos
Elyvilon

Shops:
D:5 =

Annotations:
D:3 2 transporters, qw's ghost, amateur GrFi


Message History

The killer bee barely misses you. You block the wight's attack.
The wight barely misses you. x2; The wight hits you but does no damage.
The killer bee stings you but does no damage.
The wight hits you but does no damage. The wight hits you with a +0 mace!
You hit the wight.
The wight is moderately damaged.
You barely miss the wight. You slash the killer bee!
The killer bee stings you but does no damage. x2
You block the wight's attack. The wight hits you with a +0 scimitar.
You block the wight's attack.
You closely miss the killer bee.
The killer bee is severely wounded.
You hit the wight. You closely miss the killer bee. You hit the wight.
The killer bee stings you. The killer bee closely misses you.
An adder comes into view.
The killer bee stings you but does no damage.
You block the killer bee's attack. The killer bee stings you.
A worm comes into view.
You block the wight's attack. The wight hits you with a +0 mace.
The wight hits you with a +0 scimitar. The killer bee stings you.
The killer bee stings you but does no damage. x2
You slash the killer bee!
You kill the killer bee!
You hit the wight but do no damage. You closely miss the killer bee. x2
You hit the wight. You block the killer bee's attack.
The killer bee barely misses you.
A killer bee comes into view.
The wight hits you from afar with a +1 halberd.
The wight hits you with a +0 mace. The wight barely misses you.
The killer bee stings you but does no damage.
The killer bee barely misses you.
The killer bee buzzes angrily.
You hit the wight.
The wight is severely damaged.
You closely miss the killer bee. You closely miss the wight.
You barely miss the killer bee. The killer bee barely misses you.
The killer bee stings you.
The wight hits you from afar with a +1 halberd!
The wight hits you but does no damage. The wight hits you with a +0 scimitar.
You die...

... ... .#### ....
#.#... ..... #.#.#
...S.######+#...#
..y............#
.w....y........#
.##...y@.......######
......z)z......#....#
##....z........#....#
###...........7.<..#
##..#.....7.\.7..#
...##.######7....#
....#..# ######
......## (. .##


You could see a worm, 3 killer bees, 3 wights and an adder.

Vanquished Creatures
  A phantom (D:4)
  2 necrophages (D:4)
  A wight (D:5)
  A killer bee (D:5)
  2 orc priests
  Jessica (D:2)
  An orc wizard (D:4)
  2 iguanas (D:4)
  3 gnolls (D:4)
  4 adders
  2 worms
  4 dart slugs
  10 orcs
  9 bats
  7 endoplasms
  2 giant cockroaches
  10 goblins
  9 hobgoblins
  2 jackals (D:1)
  4 quokkas
  6 ball pythons
  5 frilled lizards
  8 kobolds
  7 rats
103 creatures vanquished.

Notes
Turn   | Place    | Note
-------+----------+-------------------------------------------
     0 | D:1      | qw the Gargoyle Fighter began the quest for the Orb.
     0 | D:1      | Reached XP level 1. HP: 14/14 MP: 1/1
     0 | D:1      | 0 ||| qw: Version: 0.2-a-12-gaebbb33
     0 | D:1      | 0 ||| qw: Game counter: 806
     0 | D:1      | 0 ||| qw: Always use a shield: true
     0 | D:1      | 0 ||| qw: God list: Okawaru
     0 | D:1      | 0 ||| qw: Allow faded altars: false
     0 | D:1      | 0 ||| qw: Do Orc after D:15 true
     0 | D:1      | 0 ||| qw: Do second Lair branch before Depths: true
     0 | D:1      | 0 ||| qw: Lair rune preference: random
     0 | D:1      | 0 ||| qw: Plans: Normal, Zot:1-4, God:TSO, Crypt, Tomb,
                  | Pan, Slime:5, Hells, Abyss, Orb
     0 | D:1      | 0 ||| PLANNING D:1-11
    62 | D:1      | 62 ||| Stepping ~*~*~tactically~*~*~ (stealth).
    71 | D:1      | Reached skill level 2 in Axes
   245 | D:1      | 245 ||| Stepping ~*~*~tactically~*~*~ (stealth).
   248 | D:1      | Reached XP level 2. HP: 15/19 MP: 2/2
   497 | D:1      | Found a faded altar of an unknown god.
   506 | D:1      | Reached skill level 3 in Axes
   508 | D:1      | 508 ||| Stepping ~*~*~tactically~*~*~ (stealth).
   539 | D:1      | Reached XP level 3. HP: 6/23 MP: 3/3
   968 | D:1      | 968 ||| Stepping ~*~*~tactically~*~*~ (stealth).
   971 | D:1      | 971 ||| Stepping ~*~*~tactically~*~*~ (stealth).
  1367 | D:1      | 1367 ||| READING scroll labelled DEP POCICZAIMN.
  1371 | D:1      | 1371 ||| READING 2 scrolls labelled QETITTIFROK.
  1372 | D:1      | 1372 ||| READING scroll labelled DOFFORUIZA.
  1373 | D:1      | 1373 ||| DRINKING 2 ruby potions.
  1509 | D:2      | Reached skill level 1 in Throwing
  1570 | D:2      | Noticed Jessica
  1576 | D:2      | Killed Jessica
  1577 | D:2      | Reached XP level 4. HP: 24/28 MP: 4/4
  1668 | D:2      | Reached skill level 4 in Axes
  1751 | D:2      | Identified the +2 cloak of Weightlessness {Harm rElec rF+++
                  | Dex-2}
  1918 | D:2      | Found a shadowy altar of Dithmenos.
  1990 | D:2      | 1990 ||| READING scroll labelled TOALOSEOXE.
  1991 | D:2      | 1991 ||| Stepping ~*~*~tactically~*~*~ (stealth).
  1992 | D:2      | 1992 ||| READING scroll labelled BAXKYDGHOIT.
  2051 | D:3      | Found a transporter.
  2051 | D:3      | Found a transporter.
  2051 | D:3      | Noticed qw's ghost (amateur GrFi)
  2228 | D:3      | 2228 ||| Stepping ~*~*~tactically~*~*~ (stealth).
  2229 | D:3      | 2229 ||| Stepping ~*~*~tactically~*~*~ (stealth).
  2242 | D:3      | 2242 ||| Stepping ~*~*~tactically~*~*~ (hiding).
  2253 | D:3      | 2253 ||| FLEEEEING.
  2254 | D:3      | 2254 ||| FLEEEEING.
  2255 | D:3      | 2255 ||| FLEEEEING.
  2256 | D:3      | 2256 ||| FLEEEEING.
  2258 | D:3      | 2258 ||| FLEEEEING.
  2259 | D:3      | 2259 ||| FLEEEEING.
  2260 | D:3      | 2260 ||| FLEEEEING.
  2261 | D:3      | 2261 ||| FLEEEEING.
  2262 | D:3      | 2262 ||| FLEEEEING.
  2263 | D:3      | 2263 ||| FLEEEEING.
  2264 | D:3      | 2264 ||| FLEEEEING.
  2265 | D:3      | 2265 ||| FLEEEEING.
  2266 | D:3      | 2266 ||| FLEEEEING.
  2267 | D:3      | 2267 ||| FLEEEEING.
  2268 | D:3      | 2268 ||| FLEEEEING.
  2269 | D:3      | 2269 ||| FLEEEEING.
  2270 | D:3      | 2270 ||| FLEEEEING.
  2271 | D:3      | 2271 ||| FLEEEEING.
  2272 | D:3      | 2272 ||| FLEEEEING.
  2273 | D:3      | 2273 ||| FLEEEEING.
  2275 | D:3      | 2275 ||| FLEEEEING.
  2276 | D:3      | 2276 ||| FLEEEEING.
  2277 | D:3      | 2277 ||| FLEEEEING.
  2278 | D:3      | 2278 ||| FLEEEEING.
  2279 | D:3      | 2279 ||| FLEEEEING.
  2280 | D:3      | 2280 ||| FLEEEEING.
  2281 | D:3      | 2281 ||| FLEEEEING.
  2282 | D:3      | 2282 ||| FLEEEEING.
  2283 | D:3      | 2283 ||| FLEEEEING.
  2284 | D:3      | 2284 ||| FLEEEEING.
  2285 | D:3      | 2285 ||| FLEEEEING.
  2286 | D:3      | 2286 ||| FLEEEEING.
  2287 | D:3      | 2287 ||| FLEEEEING.
  2386 | D:3      | 2386 ||| DROPPING +0 club.
  2398 | D:3      | Reached XP level 5. HP: 32/32 MP: 5/5
  2412 | D:3      | 2412 ||| DROPPING +3 flail.
  2551 | D:3      | 2551 ||| Stepping ~*~*~tactically~*~*~ (stealth).
  2553 | D:3      | 2553 ||| Stepping ~*~*~tactically~*~*~ (hiding).
  3136 | D:3      | 3136 ||| UPGRADING to +0 pair of gloves.
  3141 | D:3      | 3141 ||| READING scroll labelled RIOCYN MESCHI.
  3142 | D:3      | 3142 ||| READING 4 scrolls of identify.
  3142 | D:3      | 3142 ||| IDENTIFYING emerald potion
  3201 | D:4      | 3201 ||| Stepping ~*~*~tactically~*~*~ (stealth).
  3206 | D:4      | Reached skill level 5 in Axes
  3210 | D:4      | Found a white marble altar of Elyvilon.
  3265 | D:4      | 3265 ||| Stepping ~*~*~tactically~*~*~ (hiding).
  3269 | D:4      | 3269 ||| Stepping ~*~*~tactically~*~*~ (hiding).
  3515 | D:4      | Noticed a phantom
  3527 | D:4      | Killed a phantom
  3528 | D:4      | Reached XP level 6. HP: 28/39 MP: 6/6
  3635 | D:4      | Reached skill level 1 in Dodging
  3777 | D:4      | Reached XP level 7. HP: 44/44 MP: 7/7
  3801 | D:4      | 3801 ||| Stepping ~*~*~tactically~*~*~ (hiding).
  3856 | D:4      | 3856 ||| Stepping ~*~*~tactically~*~*~ (stealth).
  3883 | D:4      | Reached skill level 6 in Axes
  4154 | D:4      | 4154 ||| UPGRADING to +0 chain mail.
  4164 | D:4      | 4164 ||| DROPPING +0 scale mail.
  4165 | D:4      | 4165 ||| READING scroll labelled TEREES QUIHU.
  4266 | D:4      | 4266 ||| READING scroll labelled JUMENO DYNY.
  4267 | D:4      | 4267 ||| READING 4 scrolls of identify.
  4267 | D:4      | 4267 ||| IDENTIFYING fizzy brown potion
  4268 | D:4      | 4268 ||| DROPPING potion of magic.
  4283 | D:5      | Entered Level 5 of the Dungeon
  4283 | D:5      | Found Puronaf's Jewellery Emporium.
  4291 | D:5      | 4291 ||| SHOPLISTING +6 ring of dexterity (540 gold, have
                  | 116).
  4291 | D:5      | 4291 ||| SHOPLISTING ring of fire (375 gold, have 116).
  4291 | D:5      | 4291 ||| SHOPLISTING ring of protection from cold (375
                  | gold, have 116).
  4291 | D:5      | 4291 ||| SHOPLISTING ring of see invisible (225 gold, have
                  | 116).
  4291 | D:5      | 4291 ||| SHOPLISTING ring of willpower (375 gold, have
                  | 116).
  4305 | D:5      | 4305 ||| Stepping ~*~*~tactically~*~*~ (stealth).
  4306 | D:5      | 4306 ||| Stepping ~*~*~tactically~*~*~ (stealth).
  4317 | D:5      | HP: 11/44 [killer bee (2)]
  4317 | D:5      | HP: 2/44 [wight/+1 halberd (9)]
  4317 | D:5      | Slain by a wight

Levels and vault maps discovered:
D:1:      matt_arrival_spirals, layout_rooms, ebering_ecumenical_altar_webs,
          corexii_hall_statues_x, st_stairs_8, kennysheep_flooded_box,
          serial_bayou_pond_e, nicolae_figureground_pulse
D:2:      layout_rooms, basic_altar, uniq_jessica
D:3:      layout_basic, gammafunk_ghost_arena
D:4:      layout_basic, elyvilon_altar_5
D:5:      gammafunk_steamed_eel, layout_basic, serial_shops,
          nicolae_stop_n_shop_2, shop, nicolae_shop_trees, minmay_misc_feat_iff,
          uniq_grinder, uniq_eustachio

Skill      XL: |  1  2  3  4  5  6  7 |
---------------+----------------------+-----
Axes           | 2 3 4 5 6 |  6.4
Throwing       | 1 |  1.0
Fighting       | 4 |  4.6
Dodging        | 1 |  1.3
Armour         | |  3.2
Shields        | |  3.2

Action                   |  1- 3 |  4- 6 |  7- 9 || total
-------------------------+-------+-------+-------++-------
Melee: War axe           |    86 |   102 |    35 ||   223
Throw: Javelin           |    16 |    30 |     3 ||    49
       Boomerang         |       |    17 |     9 ||    26
  Use: Scroll            |     3 |     4 |     3 ||    10
       Potion            |     1 |       |       ||     1
Armor: Scale mail        |    33 |    42 |    37 ||   112
       Chain mail        |       |       |    12 ||    12
Dodge: Dodged            |    39 |    32 |    29 ||   100
Block: Buckler           |    12 |    20 |     9 ||    41

Table legend:
 A = Non-vault XP
 B = Vault XP
 C = Vault XP percentage of total XP
 D = Non-vault monster count
 E = Vault monster count
 F = Vault count percentage of total count
                 A         B        C        D         E       F
            +---------+---------+-------+---------+---------+-------
      Total |     869 |      40 |   4.4 |     100 |       3 |   2.9
            +---------+---------+-------+---------+---------+-------
        D:1 |      59 |       3 |   4.8 |      32 |       2 |   5.9
        D:2 |      36 |      37 |  50.7 |      13 |       1 |   7.1
        D:3 |      86 |       0 |   0.0 |      23 |       0 |   0.0
        D:4 |     559 |       0 |   0.0 |      30 |       0 |   0.0
        D:5 |     129 |       0 |   0.0 |       2 |       0 |   0.0
            +---------+---------+-------+---------+---------+-------
